 Dungeon Crawl Stone Soup version 0.28.0-45-g0d030f2227 (webtiles) character file.

Game seed: 17870381582849502166

1400980 maxonian the Sorcerer (level 27, 206/206 (213) HPs)
             Began as a Djinni Hedge Wizard on Apr 1, 2022.
             Was the Champion of Makhleb.
             Escaped with the Orb
             ... and 3 runes!
             The game lasted 06:11:07 (106031 turns).

maxonian the Sorcerer (Djinni Hedge Wizard)       Turns: 106031, Time: 06:11:07

HP:   206/206 (213) AC: 38    Str: 20    XL:     27
Gold: 5317          EV: 15    Int: 31    God:    Makhleb [******] SH: 25 Dex: 24

rFire   + + .      SeeInvis +   a - staff of cold
rCold   + + .      Faith    .   G - +5 kite shield {rC+ rF+}
rNeg    . . .      Spirit   .   D - +8 plate armour "Mekuf" {rElec Str+2}
rPois   ∞          Reflect  +   (no helmet)
rElec   +          Harm     .   W - +0 cloak of Wyzailin {Int+8 Dex+6}
rCorr   .          Rampage  .   K - +3 pair of gloves of Eteghink {rPois}
Will    ++...                   (boots unavailable)
Stlth   ..........              P - amulet of reflection
HPRegen 0.44/turn               n - ring of Puroloanaass {AC+4 Str+3 Dex+4 SInv}
MPRegen 0.00/turn               L - ring of ice

@: flying, studying 2 skills, lightly drained
A: sickness immunity, fire resistance 2, cold vulnerability 1, float, innate
caster, HP casting, extra vitality 1, clumsy 1, strong 1
0: Orb of Zot
}: 3/15 runes: decaying, serpentine, silver
a: Renounce Religion, Minor Destruction, Lesser Servant of Makhleb, Major
Destruction, Greater Servant of Makhleb


You escaped.
You worshipped Makhleb.
Makhleb was exalted by your worship.
You visited 10 branches of the dungeon, and saw 49 of its levels.
You also visited: Sewer.

You collected 8701 gold pieces.
You spent 3384 gold pieces at shops.

Inventory:

Hand Weapons
 F - a +9 demon trident of flaming
   (You took it off Urug on level 5 of the Lair of Beasts)
Missiles
 T - 4 throwing nets
Armour
 d - a +2 helmet
   (You found it on level 7 of the Dungeon)
 e - the +2 plate armour "Byzumurgh" {+Blink Str+4 Slay+6}
   (You found it on level 9 of the Dungeon)

   Str:       It affects your strength (+4).
   Slay:      It affects your accuracy & damage with ranged weapons and melee
   (+6).
   +Blink:    It lets you blink.
 D - the +8 plate armour "Mekuf" (worn) {rElec Str+2}
   (You found it on level 5 of the Vaults)

   Str:       It affects your strength (+2).
   rElec:     It insulates you from electricity.
 G - a +5 kite shield of resistance (worn)
   (You took it off a tengu warrior on level 1 of the Depths)
 H - a scarf of repulsion
   (You found it on level 5 of the Dungeon)
 K - the +3 pair of gloves of Eteghink (worn) {rPois}
   (You bought it in a shop on level 1 of the Elven Halls)

   rPois:     It protects you from poison.
 U - the +2 cloak of Insecurity {+Blink rC+ rCorr}
   (You bought it in a shop on level 1 of the Dungeon)

   rC:        It protects you from cold.
   +Blink:    It lets you blink.
   rCorr:     It protects you from acid and corrosion.
 W - the +0 cloak of Wyzailin (worn) {Int+8 Dex+6}
   (You bought it in a shop on level 1 of the Elven Halls)

   Int:       It affects your intelligence (+8).
   Dex:       It affects your dexterity (+6).
Magical Staves
 a - a staff of cold (weapon)
   (You found it on level 4 of the Dungeon)
 b - a staff of conjuration
   (You found it on level 4 of the Depths)
 c - a staff of death
   (You found it on level 7 of the Dungeon)
 g - a staff of fire
   (You took it off a tengu conjurer on level 1 of the Depths)
 r - a staff of air
   (You found it on level 2 of the Snake Pit)
Jewellery
 h - a ring of willpower
   (You found it on level 11 of the Dungeon)
 n - the ring of Puroloanaass (left hand) {AC+4 Str+3 Dex+4 SInv}
   (You found it in a sewer)

   [ring of protection]

   AC:        It affects your AC (+4).
   Str:       It affects your strength (+3).
   Dex:       It affects your dexterity (+4).
   SInv:      It lets you see invisible.
 t - a ring of wizardry
   (You found it on level 2 of the Elven Halls)
 x - a ring of positive energy
   (You took it off Nikola on level 1 of the Swamp)
 J - an amulet of the acrobat
   (You took it off an orc on level 5 of the Dungeon)
 L - a ring of ice (right hand)
   (You took it off Fannar on level 1 of the Orcish Mines)
 P - an amulet of reflection (around neck)
   (You bought it in a shop on level 3 of the Snake Pit)
 S - a ring of fire
   (You took it off a frost giant on level 5 of the Vaults)
 V - the ring of Luremoxt {rElec rCorr Dex+3 SInv Stlth-}
   (You took it off a tengu reaver on level 5 of the Vaults)

   [ring of see invisible]

   Dex:       It affects your dexterity (+3).
   rElec:     It insulates you from electricity.
   SInv:      It lets you see invisible.
   rCorr:     It protects you from acid and corrosion.
   Stlth:     It makes you less stealthy.
Wands
 z - a wand of acid (14)
   (You found it on level 8 of the Dungeon)
Scrolls
 j - 2 scrolls of brand weapon
 k - 5 scrolls of magic mapping
 p - 2 scrolls of summoning
 q - 5 scrolls of teleportation
 w - 6 scrolls of torment
 A - 14 scrolls of identify
 C - 5 scrolls of blinking
 E - 6 scrolls of fear
 I - 11 scrolls of immolation
 N - 7 scrolls of fog
 X - 8 scrolls of enchant weapon
 Z - 2 scrolls of silence
Potions
 f - 9 potions of might
 i - 8 potions of lignification
 l - 2 potions of invisibility
 o - 4 potions of mutation
 s - 6 potions of attraction
 u - 8 potions of curing
 O - 3 potions of berserk rage
 Q - a potion of resistance
 R - 8 potions of brilliance
Miscellaneous
 v - a phantom mirror
   (You found it on level 3 of the Elven Halls)


   Skills:
 - Level 22.6 Fighting
 - Level 14.0 Polearms
 + Level 21.8 Armour
 - Level 13.1 Dodging
 - Level 1.5 Stealth
 - Level 13.8 Shields
 + Level 24.3 Spellcasting


You couldn't memorise any spells.
You knew the following spells:

 Your Spells              Type           Power      Damage    Failure   Level
a - Maxwell's Capacitive  Air            56%        ∞         2%          8
b - Starburst             Conj/Fire      56%        6d15      1%          6
c - Ozocubu's Refrigerat  Ice            81%        4d21      1%          7
d - Slow                  Hex            100%       N/A       0%          1
e - Conjure Flame         Conj/Fire      100%       6-21      0%          3
f - Mephitic Cloud        Conj/Pois/Air  100%       N/A       0%          3
g - Blink                 Tloc           100%       N/A       0%          2
h - Magic Dart            Conj           100%       1d8       0%          1
i - Call Imp              Summ           100%       N/A       0%          2
j - Tukima's Dance        Hex            100%       N/A       0%          3
k - Fireball              Conj/Fire      56%        3d22      0%          5
l - Lee's Rapid Deconstr  Erth           56%        3d27*     0%          5
m - Scorch                Fire           100%       2d10      0%          2
n - Storm Form            Tmut/Air       56%        N/A       1%          7
o - Foxfire               Conj/Fire      100%       2x1d9     0%          1
p - Conjure Ball Lightni  Conj/Air       56%        3x3d20    1%          6
q - Borgnjor's Revivific  Necr           56%        N/A       2%          8
r - Call Canine Familiar  Summ           100%       N/A       0%          3
s - Chain Lightning       Conj/Air       56%        3d74      38%         9
Your spell library was empty.

Dungeon Overview and Level Annotations

Branches:
Dungeon (15/15)            Temple (1/1) D:6            Lair (6/6) D:11
  Swamp (4/4) Lair:2        Snake (4/4) Lair:4        Slime (0/5) Lair:5
    Orc (2/2) D:11            Elf (3/3) Orc:2        Vaults (5/5) D:14
  Crypt (0/3) Vaults:3     Depths (4/4) D:15            Zot (5/5) Depths:4
  Sewer (visited)

Altars:
Ashenzari
Cheibriados
Dithmenos
Elyvilon
Fedhas
Gozag
Kikubaaqudgha
Makhleb
Nemelex Xobeh
Okawaru
Qazlal
Ru
Sif Muna
Trog
Uskayaw
Vehumet
Wu Jian
Xom
Yredelemnul
Zin
The Shining One
Beogh
Jiyva
Lugonu

Shops:
D:1 [   D:6 (   D:7 :   Orc:2 ![((   Elf:1 [([!   Snake:2 ([?!   Snake:3 :=(
Snake:4 :   Vaults:1 =   Vaults:3 ?   Depths:1 [?(

Portals:
Hell: Depths:1 Depths:2 Depths:3 Depths:4
Abyss: Depths:2 Depths:3
Pandemonium: Depths:2
Ziggurat: Depths:3

Annotations:
D:10 3 runed translucent doors, exclusion: orange crystal statue, MrOwl's ghost, journeyman GrFi
Lair:5 exclusion: 2 downstairs
Lair:6 Rupert
Snake:3 1 runed translucent door, Xoagupt's ghost, journeyman GnWz
Depths:2 3 runed translucent doors
Depths:3 2 transporters, Gemnonof's ghost, adept DgCj


Innate Abilities, Weirdness & Mutations

You are immune to sickness and miasma.
You are immune to poison.
Your flesh is very heat resistant. (rF++)
You are vulnerable to cold. (rC-)
You float through the air rather than walking.
You learn spells naturally, not from books.
Your magical power is your life essence.
You have superior vitality. (+4 MHP)
You are clumsy. (Dex -2)
Your muscles are strong. (Str +2)


Message History

A mysterious force pulls you upwards. The hatch slams shut behind you.
Unknown command.
Unknown command.
Unknown command.
There is a stone staircase leading up here.
You fly upwards.
There is a stone staircase leading down here.
There is a stone staircase leading up here.
You fly upwards.
There is a stone staircase leading down here.
A green death comes into view.
The green death roars!
Press: ? - help, v - describe, . - travel
Here: a green death The floor.
Casting: Ozocubu's Refrigeration (mildly dangerous; 1% risk of failure)
Confirm with . or Enter, or press ? or * to list all spells.
You feel a strong surge of power!
The heat is drained from your surroundings.
You feel very cold.
The green death is frozen.
The green death is heavily wounded.
The green death gestures at you.
The bolt of poison hits you but does no damage.
You resist.
Unknown command.
Casting: Ozocubu's Refrigeration (mildly dangerous; 1% risk of failure)
Confirm with . or Enter, or press ? or * to list all spells.
You feel a strong surge of power!
The heat is drained from your surroundings.
You feel very cold.
The green death is frozen.
You kill the green death!
Makhleb accepts your kill.
You feel better.
Unknown command.
(D) Dungeon (T) Temple (L) Lair (S) Swamp (P) Snake Pit (M) Slime Pits (O) Orcish Mines (E) Elven Halls (V) Vaults (C) Crypt (U) Depths (H) Hell (Z) Zot
Where to? (Enter - D:1 @ (x,y), ? - help)
You can drink potions again.
A hellwing and a smoke demon come into view.
The smoke demon moves out of view.
A sixfirhy comes into view.
You block the sixfirhy's attack. You block the sixfirhy's attack. x2
The sixfirhy hits you but does no damage.
You block the sixfirhy's attack. You block the sixfirhy's attack.
The sixfirhy completely misses you.
There is a staircase leading out of the dungeon here.
You have escaped!

.###.##.......#
.##........#.## .....#######.#
.##.## #.# ....# #.#
#############
.###########.#####..........≈#
.# #...4.4.....#.....≈≈≈≈≈≈#
.#####.#######3......≈≈≈≈≈≈≈≈#
.......# #..@#..≈≈≈≈≈≈≈≈≈#
.####### #..##.≈≈≈≈≈≈≈≈≈≈# .#
#.....≈≈≈≈≈≈≈≈≈≈# .#
#....≈≈≈≈≈≈≈≈≈≈≈# ##
#....≈≈≈≈≈≈≈≈≈≈≈# #
#...≈≈≈≈≈≈≈≈≈≈≈≈# #
##...≈≈≈≈≈≈≈≈≈≈≈≈#
#...≈≈≈≈≈≈≈≈≈≈≈_≈#
#.≈≈≈≈≈≈≈≈≈≈≈≈≈≈>#


You could see a hellwing and a sixfirhy.

Vanquished Creatures
  2 pandemonium lords
  3 dread liches
  Mennas (Vaults:3)
  7 orbs of fire
  4 juggernauts
  6 Killer Klowns (Zot:5)
  5 caustic shrikes
  4 curse toes
  9 golden dragons
  Nikola (Swamp:1)
  6 electric golems
  A Brimstone Fiend (Depths:1)
  14 tentacled monstrosities
  6 liches
  A walking crystal tome (Depths:3)
  15 quicksilver dragons
  2 deep elf blademasters (Elf:3)
  29 Orb Guardians
  2 deep elf master archers (Elf:3)
  6 titans (Vaults:5)
  2 walking frostbound tomes (Depths:1)
  A walking earthen tome (Depths:1)
  3 acid blobs (Depths:4)
  A walking divine tome (Depths:3)
  5 sphinxes
  7 death cobs
  15 shadow dragons
  4 thorn hunters
  10 storm dragons
  7 draconian monks
  8 tengu reavers
  Agnes (D:14)
  7 rockslimes (Depths:4)
  4 nagarajas
  Roxanne (Snake:3)
  4 draconian knights
  4 azure jellies (Depths:4)
  2 iron dragons
  4 narguns (Depths:1)
  7 deep elf sorcerers
  A demonspawn warmonger (D:6)
  3 orc warlords
  9 fire giants
  18 vault wardens
  9 frost giants
  6 draconian scorchers
  Aizul (Snake:3)
  4 deep elf elementalists (Elf:3)
  2 spectral caustic shrikes (Depths:4)
  3 ghost moths
  A balrug (D:6)
  8 draconian shifters
  2 draconian stormcallers (Zot:2)
  An angel (D:15)
  5 war gargoyles
  14 ironbound preservers
  3 spriggan defenders
  31 very ugly things
  7 draconian annihilators
  18 stone giants
  7 ironbound thunderhulks
  3 vampire knights
  A demonspawn blood saint (D:6)
  7 yellow draconians
  12 green draconians
  A lorocyproca (D:10)
  10 deep elf annihilators
  7 deep elf demonologists
  12 black draconians
  2 dire elephants
  4 entropy weavers
  14 purple draconians
  A bunyip (Swamp:2)
  15 white draconians
  18 red draconians
  A spark wasp (shapeshifter) (Depths:4)
  6 deep elf death magi
  10 ettins
  2 green deaths
  A quicksilver dragon zombie (Zot:2)
  Josephine (Orc:2)
  5 fire dragons
  4 deep elf high priests
  A spriggan zombie (Depths:3)
  3 shambling mangroves
  16 yaktaur captains
  2 peacekeepers
  Harold (D:8)
  3 rakshasas
  32 vault guards
  9 spriggan air magi
  18 naga warriors
  14 great orbs of eyes
  A catoblepas (D:14)
  Fannar (Orc:1)
  12 centaur warriors
  7 ice dragons
  Erolcha (Orc:1)
  A ghost crab (Swamp:4)
  3 boulder beetles
  An ogre mage (Vaults:5)
  4 salamander tyrants
  25 hydras
  10 anacondas
  A merfolk avatar (Lair:6)
  6 ironbound frosthearts
  8 alligators
  10 tengu warriors
  An alligator (shapeshifter) (Vaults:5)
  12 death yaks
  31 dancing weapons
  12 deep troll earth magi
  3 vampire magi
  10 naga sharpshooters
  5 spriggan berserkers
  3 orc high priests (Orc:2)
  18 deep elf knights
  5 deep troll shamans
  2 soul eaters (Zot:2)
  15 hell knights
  9 shock serpents
  Sonja (Lair:1)
  Urug (Lair:5)
  A spark wasp zombie (Depths:3)
  8 sun demons
  Nergalle (D:10)
  6 iron trolls
  A shadow wraith (Vaults:5)
  5 skeletal warriors
  A fire crab (shapeshifter) (Vaults:5)
  4 death drakes
  A salamander mystic (Depths:1)
  A sixfirhy (Depths:2)
  3 goliath frogs
  4 flayed ghosts
  4 glowing orange brains
  11 swamp dragons (Swamp:4)
  6 spriggan druids
  42 deep trolls
  6 naga ritualists
  2 bog bodies
  8 harpies
  18 ironbound convokers
  A golden dragon skeleton (Zot:2)
  6 orc knights
  7 wizards
  14 deep elf archers
  24 deep elf zephyrmancers
  9 lindwurms
  A phantasmal warrior (Vaults:5)
  30 deep elf pyromancers
  3 orc sorcerers
  5 mana vipers
  A wolf spider zombie (D:15)
  A shining eye (Depths:1)
  12 salamanders
  A will-o-the-wisp (Swamp:3)
  10 moths of wrath
  40 ugly things
  A moth of wrath (shapeshifter) (Depths:4)
  9 necromancers
  2 manticores
  11 elephants
  10 guardian serpents
  4 cyclopes
  30 black mambas
  2 human skeletons (Vaults:1)
  Maurice (D:8)
  Joseph (D:7)
  2 eyes of devastation (Depths:1)
  21 naga magi
  11 cane toads
  25 vault sentinels
  3 gargoyles
  An orange demon (Depths:3)
  A torpor snail (Lair:2)
  Maggie (D:7)
  3 unseen horrors
  A hellion (Depths:1)
  6 rime drakes
  A komodo dragon (shapeshifter) (D:15)
  8 komodo dragons
  An efreet (D:11)
  2 freezing wraiths
  9 tengu conjurers
  48 yaktaurs
  A guardian mummy (Zot:2)
  5 trolls
  A wind drake (Lair:6)
  A bloated husk (Swamp:1)
  6 polar bears
  3 meliai (D:13)
  A tarantella (shapeshifter) (Vaults:5)
  17 hornets
  A harpy skeleton (D:15)
  6 tyrant leeches
  3 blink frogs (Lair:3)
  A slime creature (shapeshifter) (Vaults:5)
  A snapping turtle (Lair:6)
  An iron dragon simulacrum (Depths:3)
  28 slime creatures
  4 air elementals
  A centaur simulacrum (D:15)
  An ettin skeleton (Vaults:1)
  A spriggan (shapeshifter) (Vaults:5)
  10 spriggans
  2 ynoxinuls
  A shadow (D:12)
  6 wraiths
  A culicivora (shapeshifter) (Vaults:4)
  A fire elemental (Elf:1)
  7 water elementals
  3 wyverns
  A human (shapeshifter) (D:13)
  34 yaks
  Eustachio (D:6)
  22 vampire mosquitoes
  5 basilisks
  A chaos spawn (Depths:2)
  6 redbacks
  13 swamp worms
  3 acid dragons
  52 nagas
  A harpy simulacrum (D:15)
  6 wargs
  2 hell hounds
  21 water moccasins
  A floating eye (Depths:1)
  A black bear (Lair:1)
  6 swamp drakes (Swamp:4)
  30 orc warriors
  An ice beast (shapeshifter) (D:14)
  2 ice beasts
  2 sky beasts (D:5)
  2 necrophages
  10 centaurs
  6 ogres
  19 wolves
  4 gnoll sergeants
  4 scorpions
  12 bullfrogs
  2 wyvern zombies (D:6)
  An earth elemental (Elf:3)
  11 killer bees
  4 wights
  9 howler monkeys
  3 centaur zombies
  3 centaur skeletons
  13 orc priests
  4 jellies
  2 hounds
  A hound (shapeshifter) (Vaults:5)
  Ijyb (D:4)
  2 iguanas
  Natasha (thrice) (D:3)
  18 orc wizards
  9 hell rats
  3 howler monkey zombies
  A howler monkey skeleton (D:7)
  12 gnolls
  6 adders
  8 river rats (Lair:1)
  A shadow imp (D:5)
  An ufetubus (D:7)
  An adder zombie (D:5)
  A worm (D:2)
  3 dart slugs
  80 orcs
  14 ball pythons
  18 endoplasms
  24 giant cockroaches
  7 goblins
  5 hobgoblins
  6 jackals (D:1)
  10 quokkas
  4 bats
  10 frilled lizards
  9 kobolds
  8 rats
  4 briar patches (Swamp:4)
  4 plants (Zot:5)
2050 creatures vanquished.

Vanquished Creatures (collateral kills)
  Saint Roka (Vaults:2)
  2 tentacled monstrosities
  Jorgrun (D:15)
  A quicksilver dragon (Depths:1)
  A titan (Depths:1)
  A tengu reaver (Vaults:3)
  The ghost of CryoSword the Brawler, a journeyman TrMo of Kikubaaqudgha (D:15)
  A nagaraja (Snake:2)
  A very ugly thing (Depths:1)
  An ironbound thunderhulk (Vaults:4)
  3 stone giants
  An eleionoma (Swamp:2)
  An ironbound preserver (Vaults:2)
  An entropy weaver (Vaults:1)
  2 bunyips
  A dire elephant (Vaults:2)
  An ettin (Depths:1)
  The ghost of chujev the Fighter, a journeyman TrFi of Okawaru (Lair:1)
  A rakshasa (Depths:1)
  4 hydras
  A spriggan air mage (Depths:2)
  3 salamander tyrants (Snake:4)
  A naga warrior (Snake:3)
  2 boulder beetles
  2 vault guards
  2 anacondas
  The ghost of hitsuchi the Carver, a journeyman HuCA of Ignis (D:11)
  An alligator (Lair:2)
  4 death yaks (Lair:5)
  2 tengu warriors
  2 deep troll shamans (Depths:1)
  2 two-headed ogres
  A deep troll earth mage (D:15)
  A sun demon (Depths:1)
  A deep elf knight (Elf:2)
  3 hell knights
  An iron troll (Depths:1)
  2 skeletal warriors
  A swamp dragon (Swamp:4)
  A flayed ghost (Depths:1)
  3 deep trolls
  2 lindwurms
  4 wizards
  2 deep elf pyromancers
  A mana viper (shapeshifter) (D:14)
  An ironbound convoker (Vaults:1)
  A slime creature (Vaults:1)
  4 salamanders
  3 ugly things (D:14)
  A cyclops (D:14)
  2 manticores
  4 naga magi
  8 black mambas
  An elephant (Lair:6)
  2 guardian serpents
  2 vault sentinels (Vaults:3)
  4 yaktaurs
  2 komodo dragons (Lair:6)
  A tormentor (Depths:2)
  A tengu conjurer (D:14)
  A tyrant leech (Lair:2)
  2 wind drakes (Lair:6)
  A spriggan (Swamp:3)
  A centaur simulacrum (D:15)
  Menkaure (D:7)
  9 nagas
  An acid dragon (D:9)
  A swamp worm (Swamp:4)
  A warg (Vaults:2)
  A wolf (Lair:6)
  A bullfrog (Lair:4)
  A glowing shapeshifter simulacrum (Vaults:1)
  A gnoll (D:8)
  A ball python (Sewer)
133 creatures vanquished.

Vanquished Creatures (others)
  A fire giant (Depths:3)
  A hydra (Swamp:4)
  A lindwurm (Swamp:4)
  2 bloated husks (Swamp:1)
  A hornet (Swamp:4)
  A spriggan (Swamp:4)
  12 dancing weapons
  A naga (Snake:4)
  A howler monkey zombie (D:11)
  An orc (Orc:2)
  20 ball lightnings
  11 briar patches
  96 foxfires
  28 fungi
  99 plants
  A withered plant (D:9)
277 creatures vanquished.

Grand Total: 2460 creatures vanquished

Notes
Turn   | Place    | Note
-------+----------+-------------------------------------------
     0 | D:1      | maxonian the Djinni Hedge Wizard began the quest for the
                  | Orb.
     0 | D:1      | Reached XP level 1. HP: 15/15 MP: 0/0
   184 | D:1      | Reached XP level 2. HP: 22/22 MP: 0/0
   498 | D:1      | Reached skill level 1 in Fighting
   600 | D:1      | Reached XP level 3. HP: 3/27 MP: 0/0
   600 | D:1      | Learned a level 1 spell: Foxfire
  1717 | D:1      | Found Cauz's Armour Emporium.
  1834 | D:1      | Found a hide-covered altar of Uskayaw.
  1886 | D:2      | Reached XP level 4. HP: 32/33 MP: 0/0
  1966 | D:2      | You are sucked into a shaft and drop 1 floor!
  1986 | D:3      | Noticed Natasha
  2011 | D:3      | Killed Natasha
  2012 | D:3      | Reached skill level 3 in Spellcasting
  2342 | D:3      | Found a glowing drain.
  2346 | Sewer    | Entered a sewer
  2717 | Sewer    | Reached XP level 5. HP: 35/38 MP: 0/0
  2717 | Sewer    | Learned a level 2 spell: Scorch
  3355 | Sewer    | Noticed a bullfrog
  3356 | Sewer    | Noticed a bullfrog
  3363 | Sewer    | Killed a bullfrog
  3364 | Sewer    | Reached XP level 6. HP: 23/46 MP: 0/0
  3602 | Sewer    | Identified the ring of Puroloanaass {AC+4 Str+3 Dex+4 SInv}
  3967 | D:3      | Noticed Natasha
  4140 | D:3      | Killed Natasha
  4143 | D:3      | Reached skill level 4 in Spellcasting
  4315 | D:3      | Noticed Natasha
  4321 | D:3      | Killed Natasha
  4668 | D:2      | Reached XP level 7. HP: 47/52 MP: 0/0
  4668 | D:2      | Learned a level 3 spell: Call Canine Familiar
  5093 | D:2      | Found a faded altar of an unknown god.
  5637 | D:4      | Noticed Ijyb
  5754 | D:4      | Killed Ijyb
  6554 | D:5      | Entered Level 5 of the Dungeon
  6698 | D:5      | Reached skill level 1 in Shields
  7255 | D:5      | Reached skill level 5 in Fighting
  7453 | D:5      | Reached XP level 8. HP: 38/59 MP: 0/0
  7730 | D:5      | Reached skill level 5 in Spellcasting
  7790 | D:6      | Found a staircase to the Ecumenical Temple.
  7914 | Temple   | Entered the Ecumenical Temple
  8089 | Temple   | Became a worshipper of Makhleb the Destroyer
  8148 | D:6      | Found Ijaiwnas's Weapon Shop.
  8468 | D:6      | Noticed Eustachio
  8491 | D:6      | Killed Eustachio
  8987 | D:6      | Reached XP level 9. HP: 66/66 MP: 0/0
  8987 | D:6      | Learned a level 3 spell: Tukima's Dance
  9285 | D:7      | Noticed Menkaure
  9288 | D:7      | Killed Menkaure
  9292 | D:7      | Noticed Maggie
  9306 | D:7      | Killed Maggie
  9307 | D:7      | Reached skill level 5 in Shields
  9646 | D:7      | Reached skill level 6 in Spellcasting
  9706 | D:7      | Found Fogaru's Book Shoppe.
  9755 | D:7      | Found a glowing silver altar of Zin.
 10061 | D:7      | Noticed Joseph
 10079 | D:7      | Killed Joseph
 10934 | D:8      | Reached XP level 10. HP: 72/76 MP: 0/0
 10963 | D:8      | Noticed Harold
 11001 | D:8      | Reached * piety under Makhleb
 11231 | D:8      | Noticed Maurice
 11383 | D:1      | Bought the +2 cloak of Insecurity {+Blink rC+ rCorr} for
                  | 411 gold pieces
 11547 | D:8      | Killed Maurice
 11631 | D:8      | Killed Harold
 11632 | D:8      | Reached skill level 7 in Spellcasting
 12005 | D:9      | Noticed a two-headed ogre
 12703 | D:9      | Killed a two-headed ogre
 13392 | D:9      | Reached XP level 11. HP: 71/84 MP: 0/0
 13392 | D:9      | Learned a level 5 spell: Fireball
 13952 | D:8      | Reached ** piety under Makhleb
 14081 | D:8      | Reached skill level 8 in Spellcasting
 14342 | D:8      | Reached skill level 10 in Fighting
 14710 | D:9      | Identified the +2 plate armour "Byzumurgh" {+Blink Str+4
                  | Slay+6}
 14787 | D:10     | Entered Level 10 of the Dungeon
 15027 | D:10     | Noticed Nergalle
 15042 | D:10     | Noticed a boulder beetle
 15200 | D:10     | Killed a boulder beetle
 15707 | D:10     | Killed Nergalle
 16192 | D:10     | Found a runed translucent gate.
 16193 | D:10     | Found a runed translucent gate.
 16194 | D:10     | Found a runed translucent gate.
 16206 | D:10     | Noticed MrOwl's ghost (journeyman GrFi)
 16287 | D:10     | Noticed an orange crystal statue
 16902 | D:11     | Reached skill level 1 in Armour
 17060 | D:11     | Noticed an eight-headed hydra
 17063 | D:11     | Killed an eight-headed hydra
 17064 | D:11     | Reached XP level 12. HP: 55/93 MP: 0/0
 17067 | D:11     | Noticed a tengu warrior
 17361 | D:11     | Found a staircase to the Lair.
 17903 | D:11     | Killed a tengu warrior
 17904 | D:11     | Reached skill level 5 in Dodging
 17904 | D:11     | Reached skill level 9 in Spellcasting
 18708 | D:11     | Found a staircase to the Orcish Mines.
 18734 | D:11     | Noticed a seven-headed hydra
 18759 | D:11     | Killed a seven-headed hydra
 18960 | D:11     | Found Zin's Purification Station.
 18962 | D:11     | Found a glowing silver altar of Zin.
 18965 | D:11     | Bought a potion of curing for 90 gold pieces
 19038 | Lair:1   | Entered Level 1 of the Lair of Beasts
 19506 | Lair:1   | Found a runed translucent gate.
 19507 | Lair:1   | Found a runed translucent gate.
 19510 | Lair:1   | Found a runed translucent gate.
 19511 | Lair:1   | Noticed hitsuchi's ghost (journeyman HuCA)
 19512 | Lair:1   | Noticed chujev's ghost (journeyman TrFi)
 19574 | Lair:1   | Reached *** piety under Makhleb
 19897 | Lair:1   | Noticed Sonja
 20024 | Lair:1   | Noticed a seven-headed hydra
 20360 | D:11     | Killed a seven-headed hydra
 20361 | D:11     | Reached skill level 5 in Armour
 20361 | D:11     | Reached XP level 13. HP: 62/100 MP: 0/0
 20361 | D:11     | Learned a level 5 spell: Lee's Rapid Deconstruction
 20538 | Lair:1   | Killed Sonja
 21962 | Lair:2   | Reached **** piety under Makhleb
 22512 | Lair:2   | Found a staircase to the Swamp.
 22852 | Lair:3   | Reached skill level 10 in Spellcasting
 23805 | Lair:3   | Noticed a five-headed hydra
 23814 | Lair:3   | Killed a five-headed hydra
 24721 | Lair:4   | Identified the +2 whip of Calculation {vorpal, Dex+4}
 24740 | Lair:4   | Found a glowing silver altar of Zin.
 24745 | Lair:4   | Reached XP level 14. HP: 97/108 MP: 0/0
 24990 | Lair:4   | Found a staircase to the Snake Pit.
 25637 | Lair:4   | Identified the +1 quarterstaff "Fotonoff" {flame, rC+ SInv
                  | Stlth+}
 26556 | Lair:5   | Found a viscous altar of Jiyva.
 26560 | Lair:5   | Found a staircase to the Slime Pits.
 27241 | Snake:1  | Entered Level 1 of the Snake Pit
 27788 | Lair:4   | Reached skill level 11 in Spellcasting
 28162 | Lair:5   | Noticed Urug
 28233 | Lair:5   | Killed Urug
 28789 | Lair:6   | Entered Level 6 of the Lair of Beasts
 29114 | Lair:6   | Noticed Rupert
 29810 | D:12     | Found a shadowy altar of Dithmenos.
 30567 | D:13     | Reached skill level 1 in Polearms
 31659 | D:13     | Identified a scroll of acquirement
 31659 | D:13     | Acquired 786 gold pieces
 32435 | D:14     | Reached XP level 15. HP: 64/118 MP: 0/0
 32435 | D:14     | Learned a level 6 spell: Conjure Ball Lightning
 35700 | Lair:6   | Reached skill level 12 in Spellcasting
 35847 | Lair:6   | Reached skill level 15 in Fighting
 36029 | Lair:6   | Identified the +10 trident "Iczagehe" {vorpal, Str-2 Dex+4
                  | Stlth+}
 36683 | Lair:5   | Reached skill level 5 in Polearms
 37198 | D:11     | Killed hitsuchi's ghost
 37561 | Lair:1   | Killed chujev's ghost
 38117 | D:14     | Reached ***** piety under Makhleb
 38243 | D:14     | Found a gate to the Vaults.
 38680 | D:14     | Reached XP level 16. HP: 126/126 MP: 0/0
 39078 | D:15     | Entered Level 15 of the Dungeon
 39085 | D:15     | Found a shimmering altar of Xom.
 39106 | D:15     | Noticed Agnes
 39295 | D:14     | Killed Agnes
 40280 | D:15     | Found a runed translucent gate.
 40281 | D:15     | Found a runed translucent gate.
 40282 | D:15     | Found a runed translucent gate.
 40284 | D:15     | Noticed CryoSword's ghost (journeyman TrMo)
 40771 | D:15     | Noticed Jorgrun
 40785 | D:15     | Killed Jorgrun
 41097 | D:15     | Found a staircase to the Depths.
 41391 | D:15     | Killed CryoSword's ghost
 42534 | Snake:1  | Reached skill level 10 in Polearms
 43373 | Snake:2  | Found an ornate altar of the Wu Jian Council.
 43623 | Snake:2  | Reached XP level 17. HP: 106/131 MP: 0/0
 43623 | Snake:2  | Learned a level 7 spell: Storm Form
 43777 | Snake:2  | Found Uttufidgh's Antique Weapon Shop.
 44989 | Snake:2  | Reached ****** piety under Makhleb
 45190 | Snake:2  | Found Woege's Magic Scroll Boutique.
 45192 | Snake:2  | Found Ciuduiga's Armour Shop.
 45197 | Snake:2  | Found Puex's Distillery.
 45205 | Snake:2  | Bought a potion of cancellation for 144 gold pieces
 45211 | Snake:2  | Bought a scroll of enchant armour for 127 gold pieces
 45211 | Snake:2  | Bought a scroll of teleportation for 51 gold pieces
 45211 | Snake:2  | Bought a scroll of summoning for 161 gold pieces
 45211 | Snake:2  | Bought a scroll of summoning for 161 gold pieces
 45211 | Snake:2  | Bought a scroll of teleportation for 51 gold pieces
 45518 | Snake:3  | Found a runed translucent door.
 45519 | Snake:3  | Found a shimmering altar of Xom.
 45519 | Snake:3  | Noticed Xoagupt's ghost (journeyman GnWz)
 45747 | Snake:3  | Identified Roxanne's Catalogue of the Rocks
 45747 | Snake:3  | Noticed Roxanne
 45758 | Snake:3  | Found Fafuk's Weapon Shoppe.
 45760 | Snake:3  | Found Otes's Jewellery Boutique.
 46674 | Snake:3  | Noticed Aizul
 46687 | Snake:3  | Killed Aizul
 47656 | Snake:3  | Killed Roxanne
 47970 | Snake:3  | Found Xesk's Book Emporium.
 48156 | Snake:4  | Entered Level 4 of the Snake Pit
 48221 | Snake:4  | Reached XP level 18. HP: 139/139 MP: 0/0
 48446 | Snake:4  | Found Hige's Self-Improvement Boutique.
 49229 | Snake:4  | Reached skill level 10 in Shields
 49616 | Snake:4  | Reached skill level 10 in Dodging
 50000 | Snake:4  | Noticed a quicksilver dragon
 50000 | Snake:4  | Noticed a quicksilver dragon
 50302 | Snake:4  | Killed a quicksilver dragon
 50368 | Snake:4  | Got a serpentine rune of Zot
 50576 | Swamp:1  | Entered Level 1 of the Swamp
 51582 | Swamp:1  | Noticed Nikola
 52266 | Swamp:1  | Killed Nikola
 52787 | Swamp:2  | Identified the +5 shortbow "Ecvur" {venom, rF+ Stlth+}
 53003 | Swamp:2  | Reached XP level 19. HP: 142/147 MP: 0/0
 53003 | Swamp:2  | Learned a level 6 spell: Starburst
 53018 | Swamp:2  | Identified the +1 ring mail of Unreason {rPois rN+ SInv}
 53395 | Swamp:2  | Reached skill level 10 in Armour
 55128 | Swamp:4  | Entered Level 4 of the Swamp
 56119 | Swamp:4  | Got a decaying rune of Zot
 56130 | Swamp:4  | Identified the +0 leather armour "Geybac" {Int+7}
 57265 | Snake:3  | Bought an amulet of reflection for 480 gold pieces
 57547 | Vaults:1 | Entered Level 1 of the Vaults
 57637 | Vaults:1 | Found Baphot's Jewellery Emporium.
 57879 | Vaults:1 | Reached skill level 13 in Spellcasting
 58115 | Vaults:1 | Reached XP level 20. HP: 130/157 MP: 0/0
 61183 | Vaults:2 | Noticed Saint Roka
 61266 | Vaults:2 | Killed Saint Roka
 62590 | Vaults:2 | Reached XP level 21. HP: 165/165 MP: 0/0
 62590 | Vaults:2 | Learned a level 7 spell: Ozocubu's Refrigeration
 62706 | Vaults:3 | Found Tuga's Magic Scroll Shop.
 62719 | Vaults:3 | Bought a scroll of fear for 70 gold pieces
 63472 | Vaults:3 | Found a staircase to the Crypt.
 63480 | Vaults:3 | Reached skill level 14 in Spellcasting
 64297 | Vaults:3 | Identified the +4 tower shield of Hubris {rElec rPois Str+5
                  | Dex-3}
 64297 | Vaults:3 | Noticed Mennas
 69000 | Depths:1 | Entered Level 1 of the Depths
 69049 | Depths:1 | Reached skill level 15 in Spellcasting
 69085 | Depths:1 | Found Ocuerh Weru's Antique Weapon Shoppe.
 69272 | Depths:1 | Found Faodghaps's Magic Scroll Emporium.
 69837 | D:15     | Reached XP level 22. HP: 166/173 MP: 0/0
 70325 | Depths:1 | Reached skill level 16 in Spellcasting
 70474 | Depths:1 | Found a gateway to Hell.
 70476 | Depths:1 | Gained mutation: You are frail. (-10% HP) [a shining eye]
 70478 | Depths:1 | Gained mutation: Your body sometimes deteriorates upon
                  | taking damage. [a shining eye]
 71208 | Depths:1 | Found Fuofosaa's Weapon Shop.
 71698 | Depths:1 | Found Xyahiec's Armour Boutique.
 71908 | Depths:1 | Reached skill level 17 in Spellcasting
 72517 | Depths:1 | Noticed a juggernaut
 72543 | Depths:1 | Killed a juggernaut
 72897 | Depths:1 | Noticed a juggernaut
 72897 | Depths:1 | Noticed a juggernaut
 73803 | Depths:1 | Noticed a caustic shrike
 73828 | Depths:1 | Killed a caustic shrike
 74077 | Depths:1 | Noticed a caustic shrike
 74088 | Depths:1 | Noticed a caustic shrike
 74088 | Depths:1 | Noticed a caustic shrike
 74096 | Depths:1 | Killed a caustic shrike
 74097 | Depths:1 | Reached XP level 23. HP: 85/161 MP: 0/0
 74097 | Depths:1 | Learned a level 8 spell: Borgnjor's Revivification
 74406 | Depths:1 | Noticed a juggernaut
 74417 | Depths:1 | Killed a juggernaut
 74418 | Depths:1 | Reached skill level 18 in Spellcasting
 74486 | Depths:1 | Killed a caustic shrike
 74494 | Depths:1 | Killed a caustic shrike
 74983 | Depths:1 | Identified the +11 mace "Miecy" {vorpal, *Noise rElec
                  | rPois}
 75151 | Depths:1 | Killed a juggernaut
 75175 | Depths:1 | Glimpsed the power of Zot.
 75520 | Depths:2 | Found a corrupted altar of Lugonu.
 75521 | Depths:2 | Found a one-way gate to the infinite horrors of the Abyss.
 75581 | Depths:2 | Found a one-way gate leading to the halls of Pandemonium.
 76199 | Depths:2 | Found a runed translucent gate.
 76199 | Depths:2 | Found a runed translucent gate.
 76199 | Depths:2 | Found a runed translucent gate.
 76323 | Depths:2 | Reached skill level 19 in Spellcasting
 76903 | Depths:3 | Noticed an ancient lich
 76903 | Depths:3 | Found a transporter.
 76937 | Depths:3 | Noticed Gemnonof's ghost (adept DgCj)
 76944 | Depths:3 | Noticed a dread lich
 76979 | Depths:3 | Found a transporter.
 77000 | Depths:3 | Found a one-way gateway to a ziggurat.
 77190 | Depths:3 | Noticed a golden dragon
 77319 | Depths:3 | Killed a golden dragon
 78783 | Depths:3 | Noticed a caustic shrike
 78796 | Depths:3 | Killed a caustic shrike
 78842 | Depths:3 | Reached XP level 24. HP: 166/166 MP: 0/0
 79058 | Depths:3 | Reached skill level 20 in Spellcasting
 79078 | Depths:3 | You are sucked into a shaft and drop 1 floor!
 79078 | Depths:4 | Entered Level 4 of the Depths
 80919 | Depths:4 | Noticed a juggernaut
 80936 | Depths:4 | Killed a juggernaut
 81631 | Depths:4 | Noticed a golden dragon
 81672 | Depths:3 | Killed a golden dragon
 81750 | Depths:4 | Noticed a golden dragon
 81772 | Depths:3 | HP: 6/166 [purple draconian/bolt of dispelling energy (24)]
 84273 | Depths:4 | Reached XP level 25. HP: 167/173 MP: 0/0
 84273 | Depths:4 | Learned a level 8 spell: Maxwell's Capacitive Coupling
 84297 | Depths:4 | Found a gate to the Realm of Zot.
 85279 | Orc:1    | Entered Level 1 of the Orcish Mines
 85419 | Orc:2    | Entered Level 2 of the Orcish Mines
 85419 | Orc:2    | Found a staircase to the Elven Halls.
 85476 | Orc:2    | Noticed Josephine
 85479 | Orc:2    | Killed Josephine
 85739 | Orc:2    | Found Uplyheo's Antique Weapon Shoppe.
 85913 | Orc:2    | Found Rifabur's Antique Armour Shop.
 85919 | Orc:2    | Found Pevi's Antique Weapon Boutique.
 86131 | Orc:2    | Found Uvviadghu's Distillery.
 86142 | Orc:2    | Bought a potion of curing for 39 gold pieces
 86142 | Orc:2    | Bought a potion of heal wounds for 65 gold pieces
 86142 | Orc:2    | Bought a potion of might for 52 gold pieces
 86142 | Orc:2    | Bought a potion of might for 52 gold pieces
 86142 | Orc:2    | Bought a potion of might for 52 gold pieces
 86142 | Orc:2    | Bought a potion of brilliance for 52 gold pieces
 86199 | Orc:1    | Noticed Fannar
 86210 | Orc:1    | Killed Fannar
 86295 | Orc:1    | Noticed Erolcha
 86298 | Orc:1    | Killed Erolcha
 86554 | Elf:1    | Entered Level 1 of the Elven Halls
 86914 | Elf:1    | Found Ucietoff's Distillery.
 86920 | Elf:1    | Bought a potion of heal wounds for 60 gold pieces
 86920 | Elf:1    | Bought a potion of curing for 36 gold pieces
 86920 | Elf:1    | Bought a potion of curing for 36 gold pieces
 86920 | Elf:1    | Bought a potion of mutation for 96 gold pieces
 86920 | Elf:1    | Bought a potion of mutation for 96 gold pieces
 86920 | Elf:1    | Bought a potion of brilliance for 48 gold pieces
 86920 | Elf:1    | Bought a potion of might for 48 gold pieces
 87246 | Elf:1    | Found Jiaw Uno's Antique Armour Emporium.
 87252 | Elf:1    | Found Xoxagir's Weapon Shoppe.
 87254 | Elf:1    | Found Xatot's Armour Emporium.
 87258 | Elf:1    | Bought a steaming cloak for 323 gold pieces
 87258 | Elf:1    | Identified the +0 cloak of Wyzailin {Int+8 Dex+6} (You
                  | bought it in a shop on level 1 of the Elven Halls)
 87274 | Elf:1    | Bought the +3 pair of gloves of Eteghink {rPois} for 583
                  | gold pieces
 87974 | Elf:2    | Reached skill level 15 in Armour
 88125 | Elf:2    | Identified the +0 hand axe "Ginnain" {antimagic, rElec
                  | Dex+4}
 88166 | Elf:2    | Found a runed translucent gate.
 88167 | Elf:2    | Found a runed translucent gate.
 88167 | Elf:2    | Found a runed translucent gate.
 88387 | Elf:2    | Paralysed by an air elemental for 1 turns
 88716 | Elf:2    | Reached skill level 21 in Spellcasting
 89247 | Elf:3    | Entered Level 3 of the Elven Halls
 89318 | Elf:3    | Reached XP level 26. HP: 152/181 MP: 0/0
 89552 | Elf:3    | Identified the +8 eveningstar of Toothy Absolution {vamp,
                  | *Corrode rElec rF+ Will+}
 89609 | Elf:3    | Identified the +0 robe "Neass" {+Inv rF+ Regen+ MP-9}
 89610 | Elf:3    | Identified the +9 eveningstar of Zemmuac {venom, rPois}
 90021 | Elf:3    | Paralysed by an air elemental for 1 turns
 90827 | Vaults:3 | Killed Mennas
 92056 | Vaults:5 | Entered Level 5 of the Vaults
 92481 | Vaults:5 | Reached XP level 27. HP: 163/189 MP: 0/0
 92481 | Vaults:5 | Learned a level 9 spell: Chain Lightning
 93104 | Vaults:5 | Identified the +3 mace of Defiance {drain, rF+++ Int-4
                  | Stlth+}
 93936 | Vaults:5 | Reached skill level 22 in Spellcasting
 94204 | Vaults:5 | Identified the ring of Luremoxt {rElec rCorr Dex+3 SInv
                  | Stlth-}
 94299 | Vaults:5 | Identified the +9 plate armour of Indomitability {Regen+
                  | Int+4 Dex-3}
 94607 | Vaults:5 | Identified the +8 plate armour "Mekuf" {rElec Str+2}
 94748 | Vaults:5 | Identified the +6 shortbow of the Briny Deep {vorpal, rC+
                  | Str-4 Dex+4}
 94810 | Vaults:5 | Got a silver rune of Zot
 95162 | Vaults:5 | Identified the +9 long sword "Giffuzirept" {flame, rC+}
 95972 | Zot:1    | Entered Level 1 of the Realm of Zot
 95972 | Zot:1    | Noticed an orb of fire
 95978 | Depths:4 | Gained mutation: You are clumsy. (Dex -2) [an orb of fire]
 95981 | Depths:4 | Killed an orb of fire
 99902 | Zot:2    | You are sucked into a shaft and drop 1 floor!
100225 | Zot:2    | Reached skill level 23 in Spellcasting
100908 | Zot:2    | Noticed a dread lich
100912 | Zot:2    | Killed a dread lich
102355 | Zot:4    | Noticed an orb of fire
102358 | Zot:4    | Killed an orb of fire
103218 | Zot:5    | Entered Level 5 of the Realm of Zot
103623 | Zot:5    | Noticed an orb of fire
103628 | Zot:5    | Killed an orb of fire
103669 | Zot:5    | Noticed an orb of fire
103672 | Zot:5    | Noticed a Killer Klown
103679 | Zot:5    | Gained mutation: You sometimes lose the ability to read
                  | scrolls when taking damage. [an orb of fire]
103680 | Zot:5    | Gained mutation: You are very clumsy. (Dex -4) [an orb of
                  | fire]
103687 | Zot:5    | Killed an orb of fire
103691 | Zot:5    | Killed a Killer Klown
103699 | Zot:5    | Noticed an orb of fire
103709 | Zot:5    | Killed an orb of fire
103709 | Zot:5    | Noticed a Killer Klown
103713 | Zot:5    | Killed a Killer Klown
103741 | Zot:5    | Lost mutation: Your body sometimes deteriorates upon taking
                  | damage. [potion of mutation]
103741 | Zot:5    | Lost mutation: You are frail. (-10% HP) [potion of
                  | mutation]
103741 | Zot:5    | Gained mutation: You have a pair of small horns on your
                  | head. [potion of mutation]
104197 | Zot:5    | Noticed a dread lich
104203 | Zot:5    | Killed a dread lich
104534 | Zot:5    | Noticed a Killer Klown
104537 | Zot:5    | Noticed an orb of fire
104546 | Zot:5    | Killed an orb of fire
104553 | Zot:5    | Killed a Killer Klown
104692 | Zot:5    | Noticed a Killer Klown
104708 | Zot:5    | Killed a Killer Klown
104727 | Zot:5    | Noticed a dread lich
104729 | Zot:5    | Noticed a Killer Klown
104734 | Zot:5    | Killed a dread lich
104750 | Zot:5    | Killed a Killer Klown
104754 | Zot:5    | Noticed an orb of fire
104755 | Zot:5    | Noticed a Killer Klown
104759 | Zot:5    | Killed an orb of fire
104764 | Zot:5    | Killed a Killer Klown
104883 | Zot:5    | Reached skill level 24 in Spellcasting
105019 | Zot:5    | Lost mutation: You sometimes lose the ability to read
                  | scrolls when taking damage. [potion of mutation]
105019 | Zot:5    | Lost mutation: You are very clumsy. (Dex -4) [potion of
                  | mutation]
105019 | Zot:5    | Lost mutation: You have a pair of small horns on your head.
                  | [potion of mutation]
105019 | Zot:5    | Gained mutation: Your muscles are strong. (Str +2) [potion
                  | of mutation]
105032 | Zot:5    | Got the Orb of Zot
105054 | Zot:5    | Noticed Lup Gypa the pandemonium lord
105060 | Zot:5    | Killed Lup Gypa the pandemonium lord
105236 | Depths:3 | Noticed Fudwufy the pandemonium lord
105242 | Depths:3 | Killed Fudwufy the pandemonium lord
105541 | D:14     | Noticed Wigif the pandemonium lord
105715 | D:8      | Noticed Topnin the pandemonium lord
106031 | D:$      | Escaped with the Orb!

Illustrated notes

Levels and vault maps discovered:
D:1:      dpeg_arrival_water_altar, layout_loops_ring, serial_shops,
          nicolae_shop_statue_plus
D:2:      layout_loops_ring, shapermc_ecumenical_altar_ellora
D:3:      minmay_roachtagon, layout_loops_ring, gup_sewer_entry_bowl,
          uniq_natasha
D:4:      layout_loops_corners, mrwooster_statue_mirror, uniq_ijyb
D:5:      layout_basic
D:6:      layout_basic, minmay_temple_entry_drinking_statues, serial_shops,
          shop, hangedman_abyss_or_decor_slice, uniq_eustachio
D:7:      layout_layer_cave, mainiacjoe_overflow_chevrons, serial_shops, shop,
          serial_bayou_pond_d, uniq_menkaure, uniq_joseph, uniq_maggie
D:8:      layout_rooms, uniq_harold, uniq_maurice
D:9:      layout_cave_pools, serial_undead, serial_undead_a, serial_undead_b,
          serial_undead_d, serial_undead_b, minmay_variable_closet
D:10:     layout_basic, gammafunk_ghost_necromancy, minmay_statue_bubble,
          uniq_nergalle
D:11:     minmay_bloctagon, layout_basic, lair_entry_dummy, zin_purify
D:12:     layout_loops_ring, grunt_dithmenos_shadows
D:13:     layout_rooms, lemuel_old_faithful
D:14:     layout_roguey, lightli_vaults_fourway_checkpoint,
          chequers_mini_garden, grunt_ministairs_9, nicolae_sextant
D:15:     grunt_enter_depths_magical_seal, layout_loops_ring,
          ebering_ghost_rock_garden, serial_co_window_serial,
          co_window_of_opportunity_a, co_window_corner_a,
          co_window_of_opportunity_a, co_window_paths_b, co_window_corner_a,
          co_window_broadway_c, co_window_of_opportunity_b,
          co_window_of_opportunity_c, co_window_2corner, co_window_paths_c,
          co_window_paths_c, co_window_broadway_a, glass_columns_b,
          glass_columns_c, glass_columns_a, glass_columns_a, glass_columns_a,
          xom_teletrap_fun, uniq_jorgrun, uniq_agnes
Temple:   mainiacjoe_temple_archimedes_tessellation
Lair:1:   layout_misc_corridors, gammafunk_ghost_cemetery, kennysheep_rathole,
          uniq_sonja
Lair:2:   layout_cave_shapes, minmay_swamp_entry_worms, serial_rivers,
          chequers_serial_rivers_small_b, chequers_serial_rivers_micro_d,
          chequers_serial_rivers_small_3, chequers_serial_rivers_small_b,
          minmay_holes
Lair:3:   layout_roguey, lemuel_fruit_fields, serial_bayou_shore_b
Lair:4:   layout_cellular_growth, guppyfry_snake_entry_garden,
          chequers_serial_rivers_large_a, lemuel_centaur_altar,
          serial_bayou_shore_b, serial_bayou_shore_b, lemuel_fruit_fields
Lair:5:   layout_gridlike, slime_altar_1, uniq_urug
Lair:6:   gammafunk_lair_ancient_temple, layout_gridlike, uniq_rupert
Swamp:1:  layout_basic_swamp, infiniplex_staircase_pool_2, uniq_nikola
Swamp:2:  nicolae_swamp_decorative_isthmus, layout_basic_swamp,
          evilmike_swamp_ruin_rubble_1
Swamp:3:  layout_basic_swamp, evilmike_swamp_ruin_house_1
Swamp:4:  swamp_alternative, layout_basic_swamp
Snake:1:  layout_honeycomb, hangedman_snake_corridor_split
Snake:2:  layout_layer_cave, basic_altar, minmay_shoptagon
Snake:3:  nicolae_cobra_stairs, layout_onion_interference, serial_shops,
          nicolae_shop_window_shopping, shop, shop, ebering_ghost_xom,
          nicolae_snake_slithery_corners, grunt_megastairs_3, uniq_roxanne,
          uniq_aizul
Snake:4:  hellmonk_snake_rune_quicksilver_temple, layout_basic,
          nicolae_shop_self_help
Orc:1:    layout_diamond_mine, uniq_erolcha, uniq_fannar
Orc:2:    grunt_orc_community_town_hall, layout_caves,
          grunt_orc_community_big_house_1, grunt_orc_community_big_house_1,
          grunt_orc_community_house_1, grunt_orc_community_house_2,
          grunt_orc_community_house_1, grunt_orc_community_house_3,
          uniq_josephine
Elf:1:    minmay_elf_arrival_plus, layout_rooms, serial_shops, shop,
          minmay_elf_sorcery, minmay_shop_star
Elf:2:    nicolae_elf_blades_crystal_corner, layout_geoelf_diagonals,
          basic_altar
Elf:3:    grunt_elf_hall_spiral, layout_gridlike
Vaults:1: nicolae_vaults_bisected_slash, hangedman_vaults_river_flow,
          nicolae_vaults_network_periphery, nicolae_vaults_little_squares_5,
          v_misc_27, vaults_room_corners, nicolae_vaults_triangles,
          hangedman_vaults_restitches, ontoclasm_vaults_decontamination,
          layout_vaults_chaotic_city, serial_shops, shop
Vaults:2: vaults_dpeg_diagonal, nicolae_vaults_network_star, v_misc_17,
          hangedman_vaults_stitches, hangedman_vaults_cutoff,
          ontoclasm_vaults_idyll, v_misc_2, v_misc_1,
          ontoclasm_vaults_ring_large, nicolae_vaults_network_s,
          vaults_room_semicircle, nicolae_vaults_little_squares_5,
          layout_vaults_omnibox, uniq_saint_roka, uniq_margery
Vaults:3: vaults_mumra_lcd, nicolae_vaults_bisected_exclaves, v_alt_pattern_2,
          v_pattern_5, vaults_mumra_hexcomb, grunt_vaults_funnel,
          ontoclasm_vaults_eye, vaults_dpeg_encased_lava, vaults_room_pools,
          layout_vaults_omnigrid, serial_shops, nicolae_diamond_shop,
          uniq_mennas
Vaults:4: grunt_vaults_hallway_short, hangedman_vaults_nails, st_spiral_rooms,
          ontoclasm_vaults_bender, vaults_room_fours, v_misc_4,
          nicolae_vaults_little_squares_1, vaults_mumra_minichess_inversion,
          v_misc_10, grunt_vaults_hallway_short, vaults_standard_mumra_x,
          ontoclasm_vaults_fault, layout_vaults_ring
Vaults:5
Depths:1: grunt_twisty_corner, layout_basic,
          nicolae_hell_entry_hellmouth_sunbeams, serial_shops,
          nicolae_shop_bloodbath_and_beyond, nicolae_shop_crystal,
          nicolae_shop_stone, nicolae_square_shop, nicolae_rock_paper_scissors,
          serial_bayou_shore_a
Depths:2: minmay_polygon_palace, layout_gridville, rand_demon_pan_entry_3,
          abyss_entry_flame_altar, hell_entry, pandoras_box_mu
Depths:3: cell_vault, layout_gridlike, enter_ziggurat_e, abyss_entry,
          hell_entry, gammafunk_ghost_abyssal_escape, kennysheep_generic_room_5
Depths:4: lemuel_castle_with_subvaults [lemuel_castle_interior_original],
          layout_basic, special_room [special_room_jelly],
          minmay_misc_feat_ornament, pf_hell_entry_tar_river,
          serial_bayou_shore_b
Zot:1:    layout_basic, hangedman_zot_diagonal_lockstep
Zot:2:    hangedman_snap_crack_crunch, layout_cathedral_of_symmetry
Zot:3:    layout_misc_corridors
Zot:4:    layout_cathedral_of_symmetry
Zot:5:    layout_gridlike

Skill      XL: |  1  2  3  4  5  6  7  8  9 10 11 12 13 14 15 16 17 18 19 20 21 22 23 24 25 26 27 |
---------------+----------------------------------------------------------------------------------+-----
Fighting       | 1 2 3 4 5 6 7 9 10 11 12 14 15 16 17 18 19 20 21 22 | 22.6
Dodging        | 3 4 6 8 9 10 11 13 | 13.1
Spellcasting   | 3 4 5 6 7 8 9 10 11 12 13 15 17 19 20 21 24 | 24.3
Shields        | 2 4 6 8 9 11 12 13 | 13.8
Armour         | 1 5 7 9 11 13 14 15 17 21 | 21.8
Polearms       | 2 5 10 14 | 14.0
Stealth        | |  1.5

Action                   |  1- 3 |  4- 6 |  7- 9 | 10-12 | 13-15 | 16-18 | 19-21 | 22-24 | 25-27 || total
-------------------------+-------+-------+-------+-------+-------+-------+-------+-------+-------++-------
Melee: Quarterstaff      |    38 |    15 |       |       |       |       |       |       |       ||    53
       Dagger            |       |    11 |    56 |   113 |    98 |       |       |       |       ||   278
       Punch             |       |     1 |       |       |       |       |       |       |       ||     1
       Demon trident     |       |       |       |       |   407 |  1137 |  1387 |  1265 |   376 ||  4572
       Unarmed           |       |       |       |       |       |       |       |    13 |       ||    13
       Staff             |       |       |       |       |       |       |       |       |     6 ||     6
 Cast: Magic Dart        |    38 |   142 |   118 |    80 |    63 |       |       |     1 |       ||   442
       Foxfire           |     9 |    21 |    19 |     1 |     3 |     1 |     1 |     1 |       ||    56
       Call Imp          |       |     3 |     5 |     1 |     1 |     3 |       |       |       ||    13
       Scorch            |       |     4 |    74 |   339 |   345 |     2 |       |       |       ||   764
       Conjure Flame     |       |       |    10 |     8 |     1 |       |       |       |       ||    19
       Slow              |       |       |     1 |     3 |     1 |       |     2 |       |       ||     7
       Mephitic Cloud    |       |       |     3 |    30 |    28 |    22 |       |    22 |       ||   105
       Call Canine Famil |       |       |     1 |    11 |    79 |   156 |   186 |   128 |    17 ||   578
       Tukima's Dance    |       |       |       |    14 |    14 |    19 |    22 |    15 |       ||    84
       Fireball          |       |       |       |     5 |    29 |       |       |       |       ||    34
       Lee's Rapid Decon |       |       |       |       |    18 |       |       |     9 |       ||    27
       Blink             |       |       |       |       |       |     5 |     3 |     5 |       ||    13
       Starburst         |       |       |       |       |       |       |     1 |   101 |   107 ||   209
       Conjure Ball Ligh |       |       |       |       |       |       |       |     6 |     1 ||     7
       Storm Form        |       |       |       |       |       |       |       |     2 |       ||     2
       Ozocubu's Refrige |       |       |       |       |       |       |       |    23 |   627 ||   650
       Maxwell's Capacit |       |       |       |       |       |       |       |       |    41 ||    41
 Abil: End Transformatio |       |       |       |       |       |       |       |     1 |       ||     1
Evoke: Wand              |       |       |       |       |       |       |       |     4 |     5 ||     9
  Use: Potion            |     1 |     1 |       |       |     1 |     3 |     7 |     6 |    23 ||    42
       Scroll            |       |       |       |     6 |    16 |    11 |    16 |     9 |     7 ||    65
 Stab: Distracted        |       |     1 |       |       |     8 |    25 |    12 |    11 |     3 ||    60
       Confused          |       |       |     2 |     7 |    16 |    11 |       |    10 |       ||    46
Armor: Skin              |     4 |       |       |       |       |       |       |     7 |       ||    11
       Robe              |     6 |    22 |    16 |       |       |       |       |       |       ||    44
       Steam dragon scal |       |       |     3 |   138 |   109 |       |       |       |       ||   250
       Plate armour      |       |       |       |       |   217 |   387 |   499 |   370 |   191 ||  1664
Dodge: Dodged            |    37 |    60 |    55 |   219 |   378 |   265 |   324 |   233 |   163 ||  1734
       Repelled          |       |       |     2 |       |       |       |       |       |       ||     2
Block: Kite shield       |       |       |    45 |   252 |   472 |   466 |   959 |   714 |   406 ||  3314
       Reflection        |       |       |       |       |       |       |    81 |    23 |    49 ||   153
       Other             |       |       |       |       |       |       |       |     6 |       ||     6
